 Dungeon Crawl Stone Soup version 0.30-a0-652-gcc886f7154 (webtiles) character file.

Game seed: 8505542956826070174

32 kae the Insei (level 3, -1/26 HPs)
             Began as a Demonspawn Transmuter on Jan 17, 2023.
             Slain by an iguana (8 damage)
             ... on level 3 of the Dungeon.
             The game lasted 00:01:19 (1069 turns).

kae the Insei (Demonspawn Transmuter)               Turns: 1069, Time: 00:01:20

Health: -1/26      AC:  2    Str: 10    XL:     3   Next: 8%
Magic:  4/6        EV: 19    Int: 16    God:
Gold:   95         SH:  0    Dex: 18    Spells: 0/6 levels left

rFire   . . .      SeeInvis .      - Unarmed
rCold   . . .      Faith    .    (shield currently unavailable)
rNeg    . . .      Spirit   .    (body armour currently unavailable)
rPois   .          Reflect  .    (helmet currently unavailable)
rElec   .          Harm     .    (cloak currently unavailable)
rCorr   .          Rampage  .    (gloves currently unavailable)
Will    .....                    (boots currently unavailable)
Stlth   ++                       (no amulet)
HPRegen 0.24/turn                P - ring of poison resistance
MPRegen 0.20/turn                (no ring)

@: spider-form
A: venomous fangs, tiny, (horns 1), magic regeneration
a: End Transformation


You were on level 3 of the Dungeon.
You were a venomous arachnid creature.
You visited 1 branch of the dungeon, and saw 3 of its levels.

You collected 95 gold pieces.


Innate Abilities, Weirdness & Mutations

You are a venomous arachnid creature.
You have venomous fangs.
You are tiny and dextrous.
Your spellcasting is less reliable in this form.
Your armour is entirely melded.
You are incapable of wielding weapons or throwing items.
((You have a pair of small horns on your head.))
You regenerate magic rapidly.


   Skills:
 - Level 1.0 Fighting
 - Level 1.7 Dodging
 + Level 3.0 Unarmed Combat
 + Level 2.3 Spellcasting
 * Level 2.6 Transmutations
 * Level 0.1 Poison Magic


You couldn't memorise any spells.
You knew the following spells:

 Your Spells              Type           Power      Damage    Failure   Level
a - Beastly Appendage     Tmut           20%        N/A       19%         1
b - Wereblood             Tmut           10%        N/A       26%         2
c - Spider Form           Tmut/Pois      6%         N/A       56%         3

Your spell library contained the following spells:

 Spells                   Type           Power      Damage    Failure   Level
 Freeze                   Ice            4%         1d3       41%         1
 Frozen Ramparts          Ice            2%         1d1       73%         3
 Hailstorm                Conj/Ice       1%         3d3       73%         3
 Ice Form                 Ice/Tmut       6%         N/A       89%         4

Inventory:

Missiles
 c - 11 stones
Armour
 a - a +0 robe (melded)
 d - a +0 pair of gloves (melded)
   (You found it on level 2 of the Dungeon)
Jewellery
 P - a ring of poison resistance (left front pincers)
   (You found it on level 1 of the Dungeon)
Scrolls
 g - 6 scrolls of magic mapping {!r}
 i - a scroll of teleportation {@r4}
Potions
 b - a potion of lignification {!q}
 e - a potion of curing {@q1}
 h - a potion of attraction {!q}

Dungeon Overview and Level Annotations

Branches:
Dungeon (3/15) Zot: 16934

Altars:

. #.###
..#####'#######
..............#
..............#
..............#
..#####'########
................
######.#.########
.......s.........
.#####.l########.
...... ..#######


You could see an iguana (extremely poisoned).


Message History

Your mp is fully restored (6).
You see here a +0 ring mail.
Found a stone staircase leading down.
You see here a bat corpse.
You now have 95 gold pieces (gained 9).
Done exploring.
Done exploring.
Done exploring.
Done exploring.
Done exploring.
Done exploring.
No target in view!
Done exploring.
Done exploring.
(D) Dungeon
Where to? (Enter - D:2, ? - help)
There is a stone staircase leading down here.
You climb downwards.
There is a stone staircase leading up here.
Okay, then.
As you read the scroll of identify {@r1}, it crumbles to dust.
h - a potion of attraction You open the door.
There is an open door here.
You open the door.
There is an open door here.
A quokka comes into view.
A quokka is nearby!
Unknown command.
A quokka is nearby!
Casting: Beastly Appendage (safe; 7% risk of failure)
Confirm with . or Enter, or press ? or * to list all spells.
Your feet morph into talons.
The quokka barely misses you. 😎 MP[-1]
You lost 1 mp, and now have 5/6 mp.
You hit the quokka but do no damage. Your headbutt misses the quokka.
The quokka closely misses you.
You hit the quokka. Your kick misses the quokka.
Your headbutt misses the quokka. The quokka closely misses you.
You barely miss the quokka. Your kick misses the quokka.
Your headbutt misses the quokka. The quokka barely misses you.
You barely miss the quokka. You claw the quokka, but do no damage.
The quokka misses you. 😎 MP[+1]
Your mp is fully restored (6).
A quokka is nearby!
Unknown command.
A quokka is nearby!
You hit the quokka but do no damage. Your kick misses the quokka.
The quokka barely misses you. The quokka misses you.
You hit the quokka. Your headbutt misses the quokka.
The quokka bites you. 😕 HP[-1]
You take 1 damage, and now have 25/26 hp.
A quokka is nearby!
You hit the quokka.
You kill the quokka!
Your transformation is almost over.
No target in view!
An iguana comes into view.
The iguana hisses angrily. 😎 HP[+1]
Your hp is fully restored (26).
Unknown command.
An iguana is nearby!
An iguana is nearby!
Casting: Beastly Appendage (safe; 7% risk of failure)
Confirm with . or Enter, or press ? or * to list all spells.
The spell is extremely dangerous to miscast (34% risk of failure)!
Continue anyway? [Y]es or [N]o only, please.
The spell is extremely dangerous to miscast (34% risk of failure)!
Continue anyway?
Your talons disappear.
You turn into a venomous arachnid creature.
Your +0 pair of gloves melds into your body.
Your +0 robe melds into your body.
The iguana bites you. 😕 HP[-2] MP[-3]
You take 2 damage, and now have 24/26 hp.
You lost 3 mp, and now have 3/6 mp.
An iguana is nearby!
You hit the iguana.
The iguana is poisoned.
The iguana bites you!
You are too injured to fight recklessly! 😮 HP[-8]
You take 8 damage, and now have 16/26 hp.
MASSIVE DAMAGE!! (PAUSE)
You hit the iguana but do no damage.
The iguana looks as sick as possible!
The iguana bites you!
* * * LOW HITPOINT WARNING * * *
😱 HP[-10]
You take 10 damage, and now have 6/26 hp.
MASSIVE DAMAGE!! (PAUSE)
You hit the iguana but do no damage.
The iguana looks as sick as possible!
The iguana closely misses you.
You hit the iguana but do no damage.
The iguana looks as sick as possible!
The iguana closely misses you. 😱 MP[+1] Unknown command.
You barely miss the iguana. The iguana closely misses you. 😨 HP[+1]
You barely miss the iguana. The iguana bites you!
You die...

Skill      XL: |  1  2 |
---------------+-------+-----
Transmutations | 2 |  2.6
Unarmed Combat | 3 |  3.0
Fighting       | |  1.0
Dodging        | |  1.7
Spellcasting   | |  2.3
Poison Magic   | |  0.1

Action                   || total
-------------------------++-------
Melee: Unarmed           ||    70
       Kick              ||    15
       Headbutt          ||     5
       Punch             ||     1
 Cast: Beastly Appendage ||    17
       Spider Form       ||     1
  Use: Scroll            ||     5
Armor: Robe              ||    12
Dodge: Dodged            ||    42

Levels and vault maps discovered:
D:1:      dpeg_arrival_shelter, layout_basic
D:2:      layout_rooms
D:3:      kennysheep_big_flooded_room, layout_basic,
          nicolae_wu_jian_glorious_leap, shapermc_ecumenical_altar_notcrosses,
          minmay_lizard_king, uniq_crazy_yiuf_cottage, uniq_ijyb

Notes
Turn   | Place    | Note
-------+----------+-------------------------------------------
     0 | D:1      | kae the Demonspawn Transmuter began the quest for the Orb.
     0 | D:1      | Reached XP level 1. HP: 15/15 MP: 3/3
     0 | D:1      | magus.rc [v1.11.3]
    42 | D:1      | Reached skill level 2 in Transmutations
    92 | D:1      | Mutation became permanent: You have a pair of small horns
                  | on your head. [demonic ancestry]
    92 | D:1      | Gained mutation: You have a pair of horns on your head.
                  | [demonic ancestry]
    92 | D:1      | Reached XP level 2. HP: 8/21 MP: 1/5
   537 | D:2      | You pick up a book of Frost and begin reading...
   537 | D:2      | You add the spells Freeze, Frozen Ramparts and Hailstorm to
                  | your library.
   698 | D:2      | Reached skill level 3 in Unarmed Combat
   814 | D:2      | Gained mutation: You regenerate magic rapidly. [demonic
                  | ancestry]
   814 | D:2      | Reached XP level 3. HP: 26/26 MP: 6/6
   817 | D:2      | Learned a level 2 spell: Wereblood
   821 | D:2      | Learned a level 3 spell: Spider Form
  1065 | D:3      | HP: 6/26 [iguana (10)]
  1069 | D:3      | Slain by an iguana

Vanquished Creatures
  A dart slug (D:1)
  3 endoplasms
  2 giant cockroaches
  2 goblins (D:1)
  2 hobgoblins
  2 quokkas
  4 ball pythons
  2 bats (D:2)
  3 frilled lizards
  4 kobolds
  3 rats
28 creatures vanquished.

Table legend:
 A = Non-vault XP
 B = Vault XP
 C = Vault XP percentage of total XP
 D = Non-vault monster count
 E = Vault monster count
 F = Vault count percentage of total count
                 A         B        C        D         E       F
            +---------+---------+-------+---------+---------+-------
      Total |      46 |       0 |   0.0 |      28 |       0 |   0.0
            +---------+---------+-------+---------+---------+-------
        D:1 |      27 |       0 |   0.0 |      15 |       0 |   0.0
        D:2 |      17 |       0 |   0.0 |      12 |       0 |   0.0
        D:3 |       2 |       0 |   0.0 |       1 |       0 |   0.0
            +---------+---------+-------+---------+---------+-------

Illustrated notes

Table legend:
 A = Kills in this place as a percentage of kills in entire the game.
 B = Kills by you in this place as a percentage of kills by you in the entire game.
 C = Kills by friends in this place as a percentage of kills by friends in the entire game.
 D = Other kills in this place as a percentage of other kills in the entire game.
 E = Experience gained in this place as a percentage of experience gained in the entire game.
 F = Experience gained in this place divided by the number of levels of this place that you have seen.
                   A       B       C       D       E      F
               +-------+-------+-------+-------+-------+----------------------
         Total | 100.0 | 100.0 |   N/A |   N/A | 100.0 |  15.3
       Dungeon | 100.0 | 100.0 |   N/A |   N/A | 100.0 |  15.3
               +-------+-------+-------+-------+-------+----------------------

Table legend: (Time is in decaauts)
 A = Elapsed time spent in this place.
 B = Non-inter-level travel time spent in this place.
 C = Inter-level travel time spent in this place.
 D = Time resting spent in this place.
 E = Time spent auto-exploring this place.
 F = Levels seen in this place.
 G = Mean time per level.
                   A        B        C        D        E       F      G
               +--------+--------+--------+--------+--------+-----+--------+
         Total |   1065 |   1013 |     52 |      3 |    802 |   3 |  355.0 |
       Dungeon |   1065 |   1013 |     52 |      3 |    802 |   3 |  355.0 |
               +--------+--------+--------+--------+--------+-----+--------+

Top non-repeatable levels by time:
     D:1: 522 daAuts
     D:2: 504 daAuts
     D:3: 38 daAuts
